 Dungeon Crawl Stone Soup version 0.21-a0-507-ga8f6b7a (webtiles) character file.

263 slep the Poker (level 5, 0/41 HPs)
             Began as a Demonspawn Gladiator on Nov 28, 2017.
             Killed from afar by an orc wizard (4 damage)
             ... with a puff of frost
             ... on level 4 of the Dungeon.
             The game lasted 00:08:52 (1879 turns).

slep the Poker (Demonspawn Gladiator)               Turns: 1879, Time: 00:08:53

Health: 0/41       AC: 11    Str: 16    XL:     5   Next: 98%
Magic:  5/5        EV:  8    Int:  9    God:
Gold:   177        SH:  0    Dex: 14    Spells: 4/4 levels left

rFire    . . .     SeeInvis .   a - +0 trident
rCold    . . .     Gourm    .   (no shield)
rNeg     . . .     Faith    .   j - +0 chain mail (curse)
rPois    .         Spirit   .   c - +0 helmet
rElec    .         Reflect  .   (no cloak)
rCorr    .         Harm     +   (no gloves)
MR       .....                  (no boots)
Stlth    ..........             m - amulet of harm (curse)
HPRegen  0.13/turn              (no ring)
MPRegen  0.09/turn              (no ring)

@: no status effects
A: thin metallic scales 1, rot immunity
a: no special abilities


You were on level 4 of the Dungeon.
You were hungry.

You visited 1 branch of the dungeon, and saw 4 of its levels.

You collected 177 gold pieces.

Inventory:

Hand Weapons
 a - a +0 trident (weapon)
Missiles
 d - 3 throwing nets (quivered)
Armour
 b - a +0 leather armour
 c - a +0 helmet (worn)
 j - a cursed +0 chain mail (worn)
 l - a cursed +0 robe
Jewellery
 e - an uncursed amulet of rage
 m - a cursed amulet of harm (around neck)
 n - an uncursed amulet of regeneration {unknown}
Scrolls
 g - 4 scrolls of identify {unknown}
 o - a scroll of noise {unknown}
 p - 2 scrolls of teleportation {unknown}
 t - a scroll of brand weapon {unknown}
Potions
 h - a potion of haste {unknown}
 k - 4 potions of curing
 r - a potion of degeneration {unknown}
Comestibles
 f - 6 bread rations
 i - 4 meat rations
 q - a royal jelly


   Skills:
 + Level 3.0 Fighting
 + Level 4.7 Polearms
 + Level 2.0 Throwing
 + Level 1.9 Armour
 + Level 3.3 Dodging
 + Level 0.2 Stealth


You had 4 spell levels left.
You didn't know any spells.

Dungeon Overview and Level Annotations

Branches:
Dungeon (4/15)
 Temple: D:4-7

Altars:
Trog
Uskayaw
Wu Jian
The Shining One

Annotations:
D:4 Robin


Innate Abilities, Weirdness & Mutations

You are partially covered in thin metallic scales. (AC +2)
You are immune to rotting.


Message History

You barely miss something. Something hits you but does no damage.
Something hits you.
You hit something but do no damage. Something hits you.
You closely miss something.
Something hits you but does no damage. x2
You closely miss something. Something hits you but does no damage.
Something hits you.
You miss something.
An orc wizard appears from thin air!
Reactivating autopickup.
The orc wizard barely misses you.
You miss the orc wizard.
The orc wizard gestures at you while chanting.
The magic dart hits you!
* * * LOW HITPOINT WARNING * * *
The orc wizard hits you with a dagger.
* * * LOW HITPOINT WARNING * * *
You hit the orc wizard.
The orc wizard is lightly wounded.
The orc wizard casts a spell at you. The puff of frost hits you!
You die...

.. #. #.
##.##
##...##
#.....
#..g.#
#o####.#
##o@...#
#.######
#.. ###


You could see Robin, an orc wizard and an orc.

Vanquished Creatures
  A bullfrog skeleton (D:4)
  3 jellies (D:3)
  A gnoll (D:1)
  2 adders
  7 oozes (D:3)
  3 worms
  A dart slug (D:2)
  A leopard gecko (D:3)
  3 orcs (D:3)
  2 ball pythons
  4 bats
  4 giant cockroaches
  13 goblins
  5 hobgoblins
  3 jackals (D:1)
  A quokka (D:2)
  2 frilled lizards
  11 kobolds
  2 quokka skeletons (D:4)
  6 rats
75 creatures vanquished.

Vanquished Creatures (others)
  A hound skeleton (D:4)
  3 fungi (D:3)
  10 toadstools (D:3)
14 creatures vanquished.

Grand Total: 89 creatures vanquished

Notes
Turn   | Place    | Note
-------+----------+-------------------------------------------
     0 | D:1      | slep the Demonspawn Gladiator began the quest for the Orb.
     0 | D:1      | Reached XP level 1. HP: 16/16 MP: 1/1
   170 | D:1      | Gained mutation: You are partially covered in thin metallic scales. (AC +2) [demonic ancestry]
   170 | D:1      | Reached XP level 2. HP: 17/22 MP: 2/2
   508 | D:1      | Reached skill level 3 in Polearms
   641 | D:2      | Gained mutation: You are immune to rotting. [demonic ancestry]
   641 | D:2      | Reached XP level 3. HP: 27/27 MP: 3/3
   828 | D:2      | Found a hide-covered altar of Uskayaw.
  1040 | D:3      | Found an ornate altar of the Wu Jian Council.
  1129 | D:3      | Found a glowing golden altar of the Shining One.
  1285 | D:3      | Reached skill level 1 in Armour
  1285 | D:3      | Reached XP level 4. HP: 27/34 MP: 4/4
  1311 | D:3      | Reached XP level 5. HP: 5/39 MP: 5/5
  1316 | D:3      | Reached skill level 4 in Polearms
  1395 | D:3      | Found a bloodstained altar of Trog.
  1789 | D:4      | Noticed Robin
  1879 | D:4      | Killed from afar by an orc wizard

Vault maps used:
D:1:      dpeg_arrival_rhombi, kennysheep_decorative_pillar
D:2:      overflow_temple_1_default
D:3:      cheibrodos_fertilizer, old_standard_altar, bloody_trog,
          nicolae_tso_swordbearing_angel, first_bread
D:4:      minmay_temple_entry_trees, lexackson_kobold_supper, uniq_grinder,
          uniq_robin

Skill      XL: |  1  2  3  4  5 |
---------------+----------------+-----
Dodging        | 3 |  3.3
Polearms       | 3 4 |  4.7
Throwing       | 2 |  2.0
Armour         | 1 |  1.9
Fighting       | 3 |  3.0
Stealth        | |  0.2

Action                   |  1- 3 |  4- 6 || total
-------------------------+-------+-------++-------
Melee: Trident           |   151 |   131 ||   282
  Use: Potion            |       |     1 ||     1
  Eat: Chunk             |     1 |     2 ||     3
Armor: Leather armour    |    14 |       ||    14
       Chain mail        |    62 |    66 ||   128
Dodge: Dodged            |    77 |    42 ||   119

Table legend:
 A = Spawn XP
 B = Non-spawn XP
 C = Spawn XP percentage of total XP
 D = Spawn monster count
 E = Non-spawn monster count
 F = Spawn count percentage of total count
 G = Total turns spent on level
                    A         B        C        D         E        F      G
               +---------+---------+-------+---------+---------+-------+---------
         Total |       0 |     377 |   0.0 |       0 |      75 |   0.0 |  1879
               +---------+---------+-------+---------+---------+-------+---------
           D:1 |       0 |      39 |   0.0 |       0 |      15 |   0.0 |   639
           D:2 |       0 |      35 |   0.0 |       0 |      17 |   0.0 |   378
           D:3 |       0 |     225 |   0.0 |       0 |      29 |   0.0 |   790
           D:4 |       0 |      78 |   0.0 |       0 |      14 |   0.0 |    72
               +---------+---------+-------+---------+---------+-------+---------
